 Dungeon Crawl Stone Soup version 0.28.0-53-g5a82cb258f (webtiles) character file.

Game seed: 14058015066651125114

101 fuccboisucc420 the Skirmisher (level 4, -1/36 HPs)
             Began as a Demonspawn Abyssal Knight on July 19, 2022.
             Was a Follower of Lugonu.
             Slain by an orc wizard
             ... wielding a +0 dagger of flaming
              (2 damage)
             ... on level 3 of the Dungeon.
             The game lasted 00:04:50 (2987 turns).

fuccboisucc420 the Skirmisher (DsAK)                Turns: 2987, Time: 00:04:50

Health: -1/36      AC:  3    Str: 15    XL:     4   Next: 48%
Magic:  5/5        EV: 11    Int: 12    God:    Lugonu [*.....]
Gold:   116        SH:  0    Dex: 13    Spells: 3/3 levels left

rFire   . . .      SeeInvis .   a - +1 short sword
rCold   . . .      Faith    .   (no shield)
rNeg    . . .      Spirit   .   b - +0 leather armour
rPois   .          Reflect  .   (no helmet)
rElec   .          Harm     .   (no cloak)
rCorr   .          Rampage  .   (no gloves)
Will    .....                   (no boots)
Stlth   +.........              (no amulet)
HPRegen 0.12/turn               (no ring)
MPRegen 0.09/turn               (no ring)

@: confused
A: powered by death 1, weakness stinger 1
a: Renounce Religion, Depart the Abyss


You were on level 3 of the Dungeon.
You worshipped Lugonu.
Lugonu was aware of your devotion.
You visited 1 branch of the dungeon, and saw 3 of its levels.
You visited the Abyss 1 time.

You collected 116 gold pieces.

Inventory:

Hand Weapons
 a - a +1 short sword (weapon)
 i - a +1 hand axe of venom
Missiles
 d - 7 stones (quivered)
Armour
 b - a +0 leather armour (worn)
Scrolls
 c - a scroll of fear {unknown}
 g - a scroll of immolation {unknown}
 h - a scroll of enchant weapon {unknown}
Potions
 e - a potion of ambrosia {unknown}
 f - a potion of attraction {unknown}


   Skills:
 + Level 3.6 Fighting
 + Level 2.9 Short Blades
 + Level 2.7 Armour
 + Level 1.1 Dodging
 + Level 1.0 Stealth
 - Level 2.4 Invocations


You had 3 spell levels left.
You didn't know any spells.
Your spell library was empty.

Dungeon Overview and Level Annotations

Branches:
Dungeon (3/15)

Altars:


Innate Abilities, Weirdness & Mutations

You regenerate a little health from kills.
You have a small tail.


Message History

You feel sick.
You are no longer poisoned.
Things that are here:
a +0 falchion; an orc corpse You see here a +1 hand axe of venom.
i - a +1 hand axe of venom You start resting.
An orc wizard is nearby!
The orc wizard casts a spell at you. The magic dart hits you.
You barely miss the orc wizard. The orc wizard closely misses you.
You hit the orc wizard but do no damage.
You tail-slap the orc wizard. Your punch misses the orc wizard.
The orc wizard is lightly wounded.
The orc wizard casts a spell.
The orc wizard flickers and vanishes!
Deactivating autopickup; reactivate with Ctrl-A.
You hit something. Something hits you. Something burns you.
You barely miss something. Something hits you but does no damage.
You barely miss something.
You hear some strange, mumbled words.
You are confused.
You bump into the rock wall.
Something hits you.
* * * LOW HITPOINT WARNING * * *
Something burns you.
* * * LOW HITPOINT WARNING * * *
Something hits you.
* * * LOW HITPOINT WARNING * * *
Something burns you.
* * * LOW HITPOINT WARNING * * *
You completely miss something.
Your tail-slap misses something.
Something hits you.
* * * LOW HITPOINT WARNING * * *
Something burns you.
* * * LOW HITPOINT WARNING * * *
Something hits you but does no damage. Something hits you.
* * * LOW HITPOINT WARNING * * *
Something burns you.
You die...

#..#.#..### #
#...>... .. .#
...... .##.##
#...# .....
#...# ... ...
#...###.# #.#
#.....@.##.# #.#
#......###.# #.#
#.####.# #.# #.#
#.# #.# #.# #.#
#.# #)# #.# #.#
#)####.###.# #.#
#†.........###.#
##
###............#
...
#>##.###...#.#


There were no monsters in sight!

Vanquished Creatures
  4 adders
  2 dart slugs
  5 orcs (D:3)
  3 ball pythons
  5 endoplasms
  2 giant cockroaches (D:2)
  4 goblins (D:1)
  4 hobgoblins (D:1)
  3 jackals (D:2)
  5 kobolds
  3 quokkas
  5 bats
  3 frilled lizards (D:1)
  4 rats
52 creatures vanquished.

Vanquished Creatures (others)
  5 toadstools (D:1)
5 creatures vanquished.

Grand Total: 57 creatures vanquished

Notes
Turn   | Place    | Note
-------+----------+-------------------------------------------
     0 | Abyss:1  | fuccboisucc420 the Demonspawn Abyssal Knight began the
                  | quest for the Orb.
     0 | Abyss:1  | Reached XP level 1. HP: 18/18 MP: 2/2
     9 | D:1      | Escaped the Abyss
    95 | D:1      | Reached * piety under Lugonu
    96 | D:1      | Gained mutation: You regenerate a little health from kills.
                  | [demonic ancestry]
    96 | D:1      | Reached XP level 2. HP: 14/24 MP: 3/3
  1076 | D:1      | Reached XP level 3. HP: 28/29 MP: 4/4
  2265 | D:2      | Gained mutation: You have a small tail. [demonic ancestry]
  2265 | D:2      | Reached XP level 4. HP: 30/35 MP: 5/5
  2707 | D:3      | Reached skill level 1 in Dodging
  2761 | D:3      | Reached skill level 1 in Stealth
  2987 | D:3      | HP: 1/36 [something (4)]
  2987 | D:3      | Slain by an orc wizard

Illustrated notes

Levels and vault maps discovered:
D:1:      ldierk_walled_garden, layout_loops_ring, minmay_strange_pillars,
          minmay_crystal_water
D:2:      layout_rooms, serial_corexii_hall, corexii_hall_statues_i,
          corexii_hall_statues_u
D:3:      layout_loops_ring, chequers_ecumenical_altar_simple, minivault_4,
          minmay_vboxes

Skill      XL: |  1  2  3  4 |
---------------+-------------+-----
Short Blades   | 2 |  2.9
Armour         | 2 |  2.7
Dodging        | 1 |  1.1
Stealth        | 1 |  1.0
Fighting       | |  3.6
Invocations    | |  2.4

Action                   |  1- 3 |  4- 6 || total
-------------------------+-------+-------++-------
Melee: Short sword       |   152 |    53 ||   205
       Punch             |     1 |     2 ||     3
       Tailslap          |       |    10 ||    10
Throw: Stone             |     6 |       ||     6
Invok: Depart the Abyss  |     1 |       ||     1
Armor: Leather armour    |    34 |    20 ||    54
Dodge: Dodged            |    96 |    42 ||   138
